 Dungeon Crawl Stone Soup version 0.19.5 (webtiles) character file.

669 Monsterracer the Cleaver (level 7, -2/62 HPs)
             Began as a Deep Dwarf Fighter on Apr 30, 2017.
             Slain by an ice beast (9 damage)
             ... on level 5 of the Dungeon.
             The game lasted 00:09:06 (3249 turns).

Monsterracer the Cleaver (Deep Dwarf Fighter)       Turns: 3249, Time: 00:09:07

Health: -2/62      AC:  6    Str: 16 (19) XL:     7   Next: 32%
Magic:  7/7        EV:  9    Int:  6 (9)  God:
Gold:   127        SH:  9    Dex: 16 (19) Spells: 0 memorised, 6 levels left

rFire  . . .     SeeInvis .     a - +0 war axe
rCold  . . .     Gourm    .     s - +0 leather armour
rNeg   . . .     Faith    .     c - +0 shield
rPois  .         Spirit   .     l - +1 helmet
rElec  .         Reflect  .     (no cloak)
rCorr  .         Harm     .     (no gloves)
MR     +....                    (no boots)
Stlth  +.........               p - amulet of magic regeneration
                                (no ring)
                                g - +3 ring of dexterity

@: non-regenerating
A: damage resistance, recharge devices, molten scales 1, agile 1, deformed body,
sense surroundings 1, slow regeneration 3
a: Device Recharging


You were on level 5 of the Dungeon.
You were not hungry.

You visited 1 branch of the dungeon, and saw 5 of its levels.

You collected 127 gold pieces.

Inventory:

Hand Weapons
 a - a +0 war axe (weapon)
Armour
 b - a +0 scale mail
 c - a +0 shield (worn)
 l - a +1 helmet (worn)
 s - a +0 leather armour (worn)
Jewellery
 g - a +3 ring of dexterity (left hand)
 p - an amulet of magic regeneration (around neck)
 t - a cursed ring of ice
Wands
 e - a wand of heal wounds (3/9)
 u - a wand of lightning (7/15)
Scrolls
 i - a scroll of identify
 m - 2 scrolls of remove curse
 r - 2 scrolls of amnesia
Potions
 q - a potion of curing
Comestibles
 f - 3 bread rations
 j - 4 fruits
 k - 3 meat rations
 n - 2 slices of pizza
 o - a beef jerky


   Skills:
 + Level 3.1 Fighting
 * Level 8.4 Axes
 + Level 3.7 Armour
 + Level 0.9 Dodging
 + Level 3.7 Shields


You had 6 spell levels left.
You didn't know any spells.

Dungeon Overview and Level Annotations

Branches:
Dungeon (5/15)
 Temple: D:4-7

Altars:
Dithmenos
Kikubaaqudgha
Okawaru
Trog
Zin
The Shining One


Innate Abilities, Weirdness & Mutations

You are resistant to damage.
You can recharge devices by infusing magical energy.
You passively map a small area around you.
You do not regenerate.
You are partially covered in molten scales. (AC +2)
You are agile. (Dex +2)
Armour fits poorly on your strangely shaped body.


Message History

* * * LOW HITPOINT WARNING * * *
You are too injured to fight recklessly!
You closely miss the ice beast.
The ice beast is severely wounded.
The ice beast hits you. The ice beast freezes you!
* * * LOW HITPOINT WARNING * * *
You closely miss the ice beast.
The ice beast is severely wounded.
The ice beast hits you but does no damage.
You barely miss the ice beast.
The ice beast is severely wounded.
You block the ice beast's attack.
You hit the ice beast.
The ice beast is severely wounded.
The ice beast hits you but does no damage.
You closely miss the ice beast.
The ice beast is severely wounded.
You block the ice beast's attack. The ice beast hits you.
The ice beast freezes you!
You die...

#.#,# , , , , , #.# # ,
#.#,# #+ #.# # *#####.
########.#,#
......#######........#,#
, #.....#.....######## #
+.....'.....# #.#
#....@#....## #.#
#...†Y#....# #.#
#.....##############.#
#.....# #......##.#
#.....# * ######.##.#
#...... , ,, ,#.##.#
#.##### ** ,#.##.. #. ,
,#.#### * , ** #.# #


You could see an ice beast.

Vanquished Creatures
  2 ogres (D:3)
  2 crimson imps
  A hound (D:4)
  An orc priest (D:4)
  3 orc wizards (D:4)
  A worker ant (D:4)
  A killer bee zombie (D:5)
  A hound skeleton (D:5)
  3 gnolls (D:2)
  11 adders
  An ooze (D:3)
  2 worms (D:4)
  9 leopard geckos
  12 orcs
  3 bats
  7 giant cockroaches
  3 hobgoblins
  4 jackals (D:1)
  3 quokkas
  4 frilled lizards
  5 goblins
  5 kobolds
  14 rats
98 creatures vanquished.

Notes
Turn   | Place    | Note
-------+----------+-------------------------------------------
     0 | D:1      | Monsterracer the Deep Dwarf Fighter began the quest for the Orb.
     0 | D:1      | Reached XP level 1. HP: 20/20 MP: 1/1
   414 | D:1      | Reached skill level 3 in Axes
   466 | D:1      | Reached XP level 2. HP: 25/27 MP: 0/2
  1117 | D:2      | Reached skill level 4 in Axes
  1117 | D:2      | Reached XP level 3. HP: 30/33 MP: 3/3
  1212 | D:2      | Found an iron altar of Okawaru.
  1267 | D:2      | Reached XP level 4. HP: 24/40 MP: 4/4
  1288 | D:2      | Found a bloodstained altar of Trog.
  1341 | D:2      | Reached skill level 5 in Axes
  1702 | D:3      | Noticed an ogre
  1715 | D:3      | Killed an ogre
  1715 | D:3      | Reached skill level 6 in Axes
  1715 | D:3      | Reached XP level 5. HP: 8/46 MP: 5/5
  1753 | D:3      | Found a glowing golden altar of the Shining One.
  1783 | D:3      | Noticed an ogre
  1784 | D:3      | Gained mutation: You are agile. (Dex +2) [potion of mutation]
  1784 | D:3      | Gained mutation: Armour fits poorly on your strangely shaped body. [potion of mutation]
  1784 | D:3      | Gained mutation: You are partially covered in molten scales. (AC +2) [potion of mutation]
  1796 | D:3      | Killed an ogre
  1796 | D:3      | Reached skill level 7 in Axes
  1796 | D:3      | Reached XP level 6. HP: 14/55 MP: 6/6
  2205 | D:4      | Found an ancient bone altar of Kikubaaqudgha.
  2285 | D:4      | Found a shadowy altar of Dithmenos.
  2729 | D:4      | Found a faded altar of an unknown god.
  2729 | D:4      | Found a faded altar of an unknown god.
  2731 | D:4      | Reached skill level 8 in Axes
  2737 | D:4      | Found a faded altar of an unknown god.
  2739 | D:4      | Found a faded altar of an unknown god.
  2741 | D:4      | Found a glowing silver altar of Zin.
  2787 | D:4      | Reached XP level 7. HP: 40/61 MP: 7/7
  2974 | D:5      | Entered Level 5 of the Dungeon
  3249 | D:5      | Slain by an ice beast

Skill      XL: |  1  2  3  4  5  6  7 |
---------------+----------------------+-----
Axes           | 3 4 6 7 8 |  8.4
Fighting       | 3 |  3.1
Armour         | |  3.7
Dodging        | |  0.9
Shields        | |  3.7

Action                   |  1- 3 |  4- 6 |  7- 9 || total
-------------------------+-------+-------+-------++-------
Melee: War axe           |    79 |   193 |    56 ||   328
Evoke: Wand              |       |     2 |       ||     2
  Use: Potion            |     1 |     5 |     2 ||     8
       Scroll            |       |     5 |       ||     5
 Stab: Sleeping          |       |     1 |     1 ||     2
  Eat: Chunk             |     1 |     5 |     2 ||     8
Armor: Scale mail        |    41 |    58 |       ||    99
       Leather armour    |       |    12 |    17 ||    29
Dodge: Dodged            |    29 |    47 |    20 ||    96
Block: Shield            |    42 |    78 |    25 ||   145
